 Dungeon Crawl Stone Soup version 0.23-a0-8-gb809bb7 (webtiles) character file.

6 Amnesiac the Conjurer (level 1, 0/13 HPs)
             Began as a Mummy Conjurer on Aug 2, 2018.
             Slain by a hobgoblin
             ... wielding a +0 club
              (4 damage)
             ... on level 1 of the Dungeon.
             The game lasted 00:00:33 (185 turns).

Amnesiac the Conjurer (Mummy Conjurer)               Turns: 185, Time: 00:00:34

Health: 0/13       AC:  2    Str: 11    XL:     1   Next: 75%
Magic:  4/4        EV: 12    Int: 14    God:
Gold:   44         SH:  0    Dex: 12    Spells: 5/6 levels left

rFire    x . .     SeeInvis .   a - +0 dagger (drain)
rCold    + . .     Gourm    .   (no shield)
rNeg     + + +     Faith    .   b - +0 robe
rPois    ∞         Spirit   .   (no helmet)
rElec    .         Reflect  .   (no cloak)
rCorr    .         Harm     .   (no gloves)
MR       .....                  (no boots)
Stlth    ++........             (no amulet)
HPRegen  0.04/turn              (no ring)
MPRegen  0.09/turn              (no ring)

@: no status effects
A: no food or potions, fire vulnerability, cold resistance 1, negative energy
resistance 3, torment resistance, unbreathing
a: no special abilities


You were on level 1 of the Dungeon.
You were not hungry.

You visited 1 branch of the dungeon, and saw 2 of its levels.

You collected 44 gold pieces.

Inventory:

Hand Weapons
 a - a +0 dagger of draining (weapon)
Armour
 b - a +0 robe (worn)
Scrolls
 c - a scroll of blinking {!r, unknown}


   Skills:
 - Level 1.5 Dodging
 - Level 1.5 Stealth
 + Level 3.2 Spellcasting
 * Level 3.3 Conjurations


You had 5 spell levels left.
You knew the following spells:

 Your Spells              Type           Power        Failure   Level  Hunger
a - Magic Dart            Conj           ##..         5%          1    N/A

Your spell library contained the following spells:

 Spells                   Type           Power        Failure   Level  Hunger
 Iskenderun's Mystic Bla  Conj           ##......     47%         4    N/A
 Fulminant Prism          Conj/Hex       #.........   71%         4    N/A
 Dazzling Spray           Conj/Hex       #.....       32%         3    N/A
 Force Lance              Conj/Tloc      #.......     71%         4    N/A
 Searing Ray              Conj           ##....       9%          2    N/A

Dungeon Overview and Level Annotations

Branches:
Dungeon (2/15)

Altars:
Ashenzari
Uskayaw

Annotations:
D:1 exclusion: gnoll


Innate Abilities, Weirdness & Mutations

You do not eat or drink.
Your flesh is vulnerable to fire.
You are immune to poison.
Your flesh is cold resistant. (rC+)
You are immune to negative energy. (rN+++)
You are immune to unholy pain and torment.
You can survive without breathing.


Message History

Training target 3.1 for Spellcasting reached!
You need to enable at least one skill for training.
There is a stone staircase leading down here.
You climb downwards.
Found three items.
There is a stone staircase leading up here.
A rat comes into view.
You see here a scroll labeled JOLOGI DEOSCHEK {!r}.
You see here 13 gold pieces.
You now have 44 gold pieces (gained 13).
There are no items here.
You see here a scroll labeled JOLOGI DEOSCHEK {!r}.
c - a scroll labeled JOLOGI DEOSCHEK {!r} You hit the rat.
You kill the rat!
No target in view!
A bat comes into view.
You open the door.
Found 26 stones.
Found a hide-covered altar of Uskayaw.
Found a shattered altar of Ashenzari.
There is an open door here.
You hit the bat but do no damage. The bat closely misses you.
You hit the bat. You drain the bat!
You kill the bat!
No target in view!
No target in view!
Found a stone staircase leading up.
A quokka comes into view.
A jackal comes into view.
The jackal barks!
A jackal comes into view.
A centaur skeleton comes into view.
A rat comes into view.
An adder comes into view.
There is a stone staircase leading up here.
The adder hisses angrily.
The jackal bites you but does no damage.
You climb upwards.
Level annotation: exclusion: gnoll A hobgoblin comes into view.
It is wielding a club.
There is a stone staircase leading down here.
You barely miss the jackal. The jackal closely misses you.
The jackal barely misses you.
You hit the jackal but do no damage. You drain the jackal!
The jackal is heavily wounded.
The jackal barely misses you.
You hit the jackal. You drain the jackal!
You kill the jackal!
The hobgoblin shouts!
You closely miss the hobgoblin. The hobgoblin closely misses you.
You barely miss the hobgoblin. The hobgoblin hits you with a club.
You hit the hobgoblin but do no damage. You hit the hobgoblin but do no damage.
The hobgoblin closely misses you.
You closely miss the hobgoblin. The hobgoblin hits you with a club.
* * * LOW HITPOINT WARNING * * *
You hit the hobgoblin but do no damage. The hobgoblin barely misses you.
You closely miss the hobgoblin. The hobgoblin barely misses you.
You hit the hobgoblin.
The hobgoblin is heavily wounded.
The hobgoblin hits you with a club.
* * * LOW HITPOINT WARNING * * *
You hit the hobgoblin.
The hobgoblin is almost dead.
The hobgoblin hits you with a club.
You die...

... ####. ...
.... ... ... ..#
# ..## .. # #.
... ..
#.#.#.####.###.#.
...#
.................
.....
#....>.@g......
.....
#.#.#.##.###.#.
..... # #.# .#
...... #.. ..
...... ... ...
...... #.##.###
#.... #.# .#
#.... #.# .#
#.... # ##.#..


You could see a hobgoblin.

Vanquished Creatures
  A goblin (D:1)
  A jackal (D:1)
  2 bats
  A frilled lizard (D:1)
  2 rats
7 creatures vanquished.

Notes
Turn   | Place    | Note
-------+----------+-------------------------------------------
     0 | D:1      | Amnesiac the Mummy Conjurer began the quest for the Orb.
     0 | D:1      | Reached XP level 1. HP: 13/13 MP: 4/4
   150 | D:2      | Found a hide-covered altar of Uskayaw.
   151 | D:2      | Found a shattered altar of Ashenzari.
   185 | D:1      | Slain by a hobgoblin

Vault maps used:
D:1:      dpeg_arrival_lava_altar
D:2:      lemuel_doored_altar, gammafunk_temple_overflow_pools,
          skrybe_limestone_x, serial_park_tiny_1, minivault_19, grunt_decor_cap,
          st_stairs_12

Skill      XL: |  1 |
---------------+----+-----
Spellcasting   | 3 |  3.2
Dodging        | |  1.5
Stealth        | |  1.5
Conjurations   | |  3.3

Action                   || total
-------------------------++-------
Melee: Dagger            ||    22
 Cast: Magic Dart        ||     2
Armor: Robe              ||     6
Dodge: Dodged            ||    10

Table legend:
 A = Spawn XP
 B = Non-spawn XP
 C = Spawn XP percentage of total XP
 D = Spawn monster count
 E = Non-spawn monster count
 F = Spawn count percentage of total count
 G = Total turns spent on level
                    A         B        C        D         E        F      G
               +---------+---------+-------+---------+---------+-------+---------
         Total |       0 |       9 |   0.0 |       0 |       7 |   0.0 |   185
               +---------+---------+-------+---------+---------+-------+---------
           D:1 |       0 |       7 |   0.0 |       0 |       5 |   0.0 |   152
           D:2 |       0 |       2 |   0.0 |       0 |       2 |   0.0 |    33
               +---------+---------+-------+---------+---------+-------+---------
